 Dungeon Crawl Stone Soup version 0.21-a0-509-gecc5317 (webtiles) character file.

129 Laiders the Cudgeler (level 5, -3/28 HPs)
             Began as a Vine Stalker Fighter on Nov 30, 2017.
             Slain by an orc priest (4 damage)
             ... on level 3 of the Dungeon.
             The game lasted 00:07:49 (2249 turns).

Laiders the Cudgeler (Vine Stalker Fighter)         Turns: 2249, Time: 00:07:50

Health: -3/28      AC: 10    Str: 23    XL:     5   Next: 12%
Magic:  0/10       EV:  5    Int:  9    God:
Gold:   97         SH:  9    Dex: 14    Spells: 9/9 levels left

rFire    . . .     SeeInvis .   a - +1 flail
rCold    . . .     Gourm    .   c - +0 shield
rNeg     . . .     Faith    .   l - +0 chain mail
rPois    +         Spirit   +   t - +0 helmet
rElec    .         Reflect  .   (no cloak)
rCorr    .         Harm     .   (no gloves)
MR       .....                  (no boots)
Stlth    ..........             (no amulet)
HPRegen  0.49/turn              r - ring of poison resistance
MPRegen  0.12/turn              (no ring)

@: mighty
A: fangs 2, regeneration 1, magic shield, antimagic bite, no potion heal 3, rot
immunity
a: no special abilities


You were on level 3 of the Dungeon.
You were not hungry.

You visited 1 branch of the dungeon, and saw 3 of its levels.

You collected 97 gold pieces.

Inventory:

Hand Weapons
 a - a +1 flail (weapon)
Missiles
 i - 3 tomahawks (quivered)
Armour
 c - a +0 shield (worn)
 l - a +0 chain mail (worn)
 t - a +0 helmet (worn)
Jewellery
 r - a ring of poison resistance (left hand)
Scrolls
 b - a scroll of identify
 e - a scroll of remove curse
 j - a scroll of enchant weapon
 m - a scroll of fog {unknown}
 p - a scroll of teleportation {unknown}
 v - a scroll of fear {unknown}
Potions
 d - a potion of might
 k - 2 potions of curing
 n - a potion of brilliance {unknown}
 o - a potion of degeneration {unknown}
 s - a potion of heal wounds {unknown}
 u - a potion of agility {unknown}
Comestibles
 f - 3 bread rations
 g - 4 chunks of flesh
 h - 2 fruits
 q - 2 royal jellies


   Skills:
 - Level 2.8 Fighting
 + Level 3.3 Maces & Flails
 - Level 2.5 Armour
 - Level 2.8 Shields
 + Level 2.7 Spellcasting


You had 9 spell levels left.
You didn't know any spells.

Dungeon Overview and Level Annotations

Branches:
Dungeon (3/15)

Altars:
Ashenzari
Nemelex Xobeh


Innate Abilities, Weirdness & Mutations

You have extremely sharp teeth.
Your natural rate of healing is unusually fast.
When hurt, damage is shared between your health and your magic reserves.
Your bite disrupts and absorbs the magic of your enemies.
Potions cannot restore your health.
You are immune to rotting.


Message History

You feel invigorated.
The orc priest is moderately wounded.
You block the orc priest's attack. The orc hits you but does no damage.
The orc priest hits you but does no damage.
The orc priest mumbles some strange prayers to Beogh against you.
Beogh smites you!
* * * LOW HITPOINT WARNING * * *
The orc barely misses you.
You hear a shout!
As you read the scroll labeled GUGREPROEKK, it crumbles to dust.
It is a scroll of enchant weapon.
Your +0 flail glows red for a moment.
You block the orc priest's attack. x2
Okay, then.
Okay, then.
You feel very mighty all of a sudden. The orc hits you with a hand axe.
* * * LOW HITPOINT WARNING * * *
The orc priest invokes the aid of Beogh against you.
Pain shoots through your body! The orc priest hits you.
You die...

. ###########
#.........#
#.........#
#.........# ####
#.........# ....
###.oo......#####
..##
#..>o@...........
....
#.#o####..######
.#.# # #.
#...###### #. #.
#......... #. o.
#...#####. #) ..
#...# # #.# ...
#...#####.#.#.. o#.
#.#รท...........
...##.#.#####.#(##.


You could see 2 orc priests, an orc wizard and an orc.

Vanquished Creatures
  An orc wizard (D:3)
  3 adders
  A worm (D:2)
  2 dart slugs (D:1)
  4 leopard geckos
  5 orcs (D:3)
  6 bats
  A giant cockroach (D:1)
  3 goblins (D:1)
  11 hobgoblins
  6 jackals (D:2)
  A quokka (D:3)
  2 frilled lizards
  3 kobolds (D:1)
  12 rats
61 creatures vanquished.

Notes
Turn   | Place    | Note
-------+----------+-------------------------------------------
     0 | D:1      | Laiders the Vine Stalker Fighter began the quest for the Orb.
     0 | D:1      | Reached XP level 1. HP: 11/11 MP: 2/2
     2 | D:1      | Noticed a dwarf
     2 | D:1      | Noticed a vine stalker
     4 | D:1      | Noticed a centaur
     6 | D:1      | Noticed a tengu
     8 | D:1      | Noticed a merfolk
     8 | D:1      | Noticed a formicid
    10 | D:1      | Noticed an octopode
    12 | D:1      | Noticed a troll
    12 | D:1      | Noticed a spriggan
    14 | D:1      | Noticed a felid
    14 | D:1      | Noticed a vampire
    16 | D:1      | Noticed an elf
    16 | D:1      | Noticed a demigod
    18 | D:1      | Noticed a demonspawn
    18 | D:1      | Noticed a halfling
    20 | D:1      | Noticed an ogre
    20 | D:1      | Noticed a draconian
    22 | D:1      | Noticed a gargoyle
    22 | D:1      | Noticed a naga
    24 | D:1      | Noticed a minotaur
    26 | D:1      | Noticed a ghoul
    26 | D:1      | Noticed a human
   135 | D:1      | Reached skill level 2 in Maces & Flails
   135 | D:1      | Reached XP level 2. HP: 13/16 MP: 3/3
   540 | D:1      | Reached skill level 1 in Spellcasting
   556 | D:1      | Reached XP level 3. HP: 15/19 MP: 3/5
   649 | D:1      | Found a sparkling altar of Nemelex Xobeh.
  1583 | D:2      | Gained mutation: Your natural rate of healing is unusually fast. [Vine Stalker growth]
  1583 | D:2      | Reached XP level 4. HP: 19/23 MP: 7/7
  1821 | D:2      | Reached skill level 3 in Maces & Flails
  1880 | D:2      | Found a faded altar of an unknown god.
  2062 | D:3      | Found a shattered altar of Ashenzari.
  2081 | D:3      | Reached XP level 5. HP: 28/28 MP: 8/10
  2249 | D:3      | HP: 1/28 [orc/hand axe (2)]
  2249 | D:3      | Slain by an orc priest

Vault maps used:
D:1:      kb_arrival_jail, nemelex_xobeh_ov_fountains_minmay
D:2:      chequers_ecumenical_altar_grove
D:3:      cheibrodos_ashenzari_chains, uniq_grinder

Skill      XL: |  1  2  3  4 |
---------------+-------------+-----
Maces & Flails | 2 3 |  3.3
Spellcasting   | 1 2 |  2.7
Fighting       | |  2.8
Armour         | |  2.5
Shields        | |  2.8

Action                   |  1- 3 |  4- 6 || total
-------------------------+-------+-------++-------
Melee: Flail             |   126 |    70 ||   196
       Bite              |    40 |    21 ||    61
  Use: Scroll            |       |     4 ||     4
       Potion            |       |     1 ||     1
  Eat: Chunk             |     2 |     3 ||     5
Armor: Scale mail        |    58 |    16 ||    74
       Chain mail        |       |    19 ||    19
Dodge: Dodged            |    40 |    15 ||    55
Block: Shield            |    78 |    44 ||   122

Table legend:
 A = Spawn XP
 B = Non-spawn XP
 C = Spawn XP percentage of total XP
 D = Spawn monster count
 E = Non-spawn monster count
 F = Spawn count percentage of total count
 G = Total turns spent on level
                    A         B        C        D         E        F      G
               +---------+---------+-------+---------+---------+-------+---------
         Total |       0 |     185 |   0.0 |       0 |      61 |   0.0 |  2249
               +---------+---------+-------+---------+---------+-------+---------
           D:1 |       0 |      48 |   0.0 |       0 |      27 |   0.0 |  1108
           D:2 |       0 |      62 |   0.0 |       0 |      19 |   0.0 |   832
           D:3 |       0 |      75 |   0.0 |       0 |      15 |   0.0 |   309
               +---------+---------+-------+---------+---------+-------+---------
